 Dungeon Crawl Stone Soup version 0.26-a0-958-gf3041fb45f (webtiles) character file.

Game seed: 12466423864679098356

40045 FacelessVoid the Severer (level 13, -20/106 HPs)
             Began as a Demonspawn Gladiator on Dec 1, 2020.
             Was the Champion of Qazlal.
             Killed from afar by Azrael (33 damage)
             ... with damnation
             ... on level 12 of the Dungeon.
             The game lasted 01:14:48 (22099 turns).

FacelessVoid the Severer (Demonspawn Gladiator)    Turns: 22099, Time: 01:14:49

Health: -20/106    AC: 23    Str: 19    XL:     13   Next: 72%
Magic:  13/13      EV:  8    Int: 10    God:    Qazlal [******]
Gold:   1368       SH: 13    Dex: 15    Spells: 12/12 levels left

rFire    + + .     SeeInvis .   m - +0 battleaxe
rCold    + + .     Faith    .   (shield currently unavailable)
rNeg     . . .     Spirit   .   G - +0 plate armour
rPois    +         Reflect  +   c - +0 helmet
rElec    +         Harm     .   u - +1 cloak {MR+}
rCorr    +         Rampage  .   D - +0 pair of gloves
MR       +....                  h - +0 pair of boots
Stlth    ..........             C - amulet of reflection
HPRegen  0.27/turn              r - ring of poison resistance
MPRegen  0.13/turn              y - ring of resist corrosion

@: mighty, agile, resistant, grasped by roots, protected from fire, constricted,
heavily drained, repel missiles
A: hooves 2, icy blue scales 3, powered by death 1, powered by pain 3
a: Upheaval, Elemental Force, Disaster Area, Renounce Religion


You were on level 12 of the Dungeon.
You worshipped Qazlal.
Qazlal was exalted by your worship.
You visited 4 branches of the dungeon, and saw 20 of its levels.
You also visited: Gauntlet.

You collected 1698 gold pieces.
You spent 330 gold pieces at shops.

Inventory:

Hand Weapons
 a - a +0 war axe
 m - a +0 battleaxe (weapon)
 s - a +0 halberd of venom
 I - a +3 hand axe of freezing
Missiles
 d - 2 throwing nets
 e - 339 stones (quivered)
Armour
 c - a +0 helmet (worn)
 h - a +0 pair of boots (worn)
 u - a +1 cloak of magic resistance (worn)
 D - a +0 pair of gloves (worn)
 G - a +0 plate armour (worn)
 R - the +2 shield of Resistance {rF++ rC++ MR++}
   (You found it on level 10 of the Dungeon)

   It greatly protects you from fire.
   It greatly protects you from cold.
   It affects your resistance to hostile enchantments.
Jewellery
 n - a +6 ring of intelligence
 p - a cursed ring of attention {unknown}
 r - a ring of poison resistance (left hand)
 t - a +6 ring of intelligence
 v - an uncursed ring of stealth {unknown}
 y - a ring of resist corrosion (right hand)
 C - an amulet of reflection (around neck)
 E - an uncursed ring of flight
 P - a +4 ring of slaying {unknown}
Wands
 b - a wand of paralysis (10)
 l - a wand of disintegration (3)
 J - a wand of iceblast (9)
 N - a wand of polymorph (18)
 S - a wand of flame (14)
Scrolls
 i - 16 scrolls of identify
 q - a scroll of torment {unknown}
 F - a scroll of amnesia
 H - 5 scrolls of remove curse
 Q - a scroll of magic mapping
Potions
 f - 2 potions of cancellation {unknown}
 g - 4 potions of curing
 k - 4 potions of haste
 o - 5 potions of degeneration
 x - 2 potions of attraction {unknown}
 z - 3 potions of mutation
 A - 3 potions of berserk rage {unknown}
 B - 6 potions of brilliance
 K - 2 potions of might {unknown}
 L - 2 potions of lignification
 M - 2 potions of flight
 U - a potion of invisibility


   Skills:
 - Level 11.0(9.4) Fighting
 + Level 17.0(15.1) Axes
 - Level 1.7(0.5) Throwing
 - Level 8.2(6.6) Armour
 - Level 2.6(1.3) Dodging
 - Level 0.4(0.0) Shields
 - Level 1.1(0.0) Evocations


You had 12 spell levels left.
You didn't know any spells.
Your spell library contained the following spells:

 Spells                   Type           Power        Failure   Level
 Magic Dart               Conj           #...         100%        1
 Sandblast                Erth           #.....       100%        1
 Passwall                 Tmut/Erth      #.......     100%        2
 Searing Ray              Conj           #.....       100%        2
 Confusing Touch          Hex            #.......     100%        3
 Dazzling Flash           Conj/Hex       #.....       100%        3
 Gell's Gravitas          Tloc           #.........   100%        3
 Stone Arrow              Conj/Erth      #.....       100%        3
 Fulminant Prism          Conj/Hex       #.........   100%        4
 Iskenderun's Mystic Bla  Conj/Tloc      #.......     100%        4
 Petrify                  Tmut/Erth      #.......     100%        4
 Bolt of Magma            Conj/Fire/Erth #.........   100%        5
 Iskenderun's Battlesphe  Conj           #.......     100%        5
 Lee's Rapid Deconstruct  Erth           #.........   100%        5
 Metabolic Englaciation   Hex/Ice        #.........   100%        5
 Yara's Violent Unravell  Hex/Tmut       #.........   100%        5
 Iron Shot                Conj/Erth      #.........   100%        6
 Orb of Destruction       Conj           #.........   100%        7
 Spellforged Servitor     Conj/Summ      #.........   100%        7


Dungeon Overview and Level Annotations

Branches:
Dungeon (12/15)            Temple (1/1) D:5            Lair (5/6) D:8
 Spider (0/4) Lair:2          Orc (2/2) D:10            Elf (0/3) Orc:2
Gauntlet (visited)
  Swamp: Lair:2-4    Shoals: Lair:2-4     Slime: Lair:5-6

Altars:
Ashenzari
Cheibriados
Dithmenos
Elyvilon
Fedhas
Gozag
Hepliaklqana
Kikubaaqudgha
Makhleb
Nemelex Xobeh
Okawaru
Qazlal
Ru
Sif Muna
Trog
Uskayaw
Vehumet
Wu Jian
Xom
Yredelemnul
Zin
The Shining One

Shops:
Orc:1 !   Orc:2 (*}[

Portals:
Abyss: Lair:2
Trove: D:11 (give +3 ice dragon scales)

Annotations:
D:11 exclusion: downstairs
D:12 Azrael; Jorgrun; Josephine
Lair:2 2 transporters, Vamireybik's ghost, journeyman MiFi


Innate Abilities, Weirdness & Mutations

You have hoof-like feet.
You are completely covered in icy blue scales. (AC +4, rC+)
You regenerate a little health from kills.
You are powered by pain.


Message History

The wight is destroyed!
The blast of flame hits you but does no damage.
You feel more protected from fire.
You hear a shout!
You feel much better.
Jorgrun points at you and mumbles some strange words.
You easily resist.
* * * LOW HITPOINT WARNING * * *
The grasping roots constrict you! You block Azrael's attack.
You slice Jorgrun!!
Jorgrun is almost dead.
You slash Azrael! You slash the hell hound!
Your surroundings seem slightly different.
The ogre shouts!
You hear a croak.
You block the wight's attack.
* * * LOW HITPOINT WARNING * * *
The grasping roots constrict you. Azrael gestures at you.
The sphere of damnation explodes!
The damnation engulfs you!!
You die...

...................##............
#<.................#W..z.#☼.....
####.......<.......#...z.##☼....
#......)........O#....#.....
...........@O...##..°☼☼.....
.##.........O....##.........
.#####.○§°.zW§.......☼........
......#†R†○............$......
/......<§)hT☼@................
.#....§))○g...................
##......○°....##.........#...
#.......$.....#./..........#
##...........###...........#
#..........#...............
#...#..######....#....[.....
#...#.## ..[##......... #


You could see Jorgrun, Azrael, Josephine, 2 two-headed ogres, a troll, 2
wraiths, a hell hound (catching breath), an ogre and a wight.

Vanquished Creatures
  Harold (D:7)
  A centaur warrior (Orc:1)
  Erica (D:9)
  An orc high priest (Orc:2)
  A flayed ghost (D:10)
  Pikel (D:5)
  4 orc knights
  An orc sorcerer (Orc:1)
  10 deep elf magi
  A centaur zombie (D:11)
  Maurice (D:9)
  A black mamba (Lair:4)
  Joseph (D:7)
  Psyche (D:9)
  9 cane toads
  3 gargoyles
  Maggie (D:8)
  2 rime drakes
  2 komodo dragons
  4 trolls
  4 polar bears
  Prince Ribbit (D:9)
  15 blink frogs
  A redback (Lair:2)
  A spriggan (shapeshifter) (D:11)
  A wraith (D:10)
  2 wyverns
  32 yaks
  A steam dragon (D:9)
  5 fire elementals
  3 basilisks
  Menkaure (D:6)
  4 wargs (Orc:1)
  7 water moccasins
  2 swamp drakes (Lair:3)
  2 black bears
  4 sky beasts
  An ice beast (D:6)
  36 orc warriors
  3 phantoms
  A necrophage (D:11)
  9 ogres
  12 centaurs
  4 lemures (D:6)
  3 big kobolds
  Blork the orc (D:6)
  A spectral wyvern (D:11)
  17 bullfrogs
  A water moccasin skeleton (D:8)
  5 scorpions
  7 killer bees
  16 wights
  An electric eel (Lair:3)
  2 howler monkeys
  A lava snake (Lair:3)
  18 orc wizards
  11 orc priests
  2 bullfrog skeletons
  6 hounds
  3 iguanas
  2 centaur skeletons (D:11)
  3 worker ants
  2 worker ant zombies
  5 gnolls
  5 howler monkey skeletons
  6 adders
  2 river rats (Lair:3)
  2 shadow imps
  4 white imps
  An ufetubus (D:10)
  2 oozes
  2 adder zombies
  4 dart slugs
  5 leopard geckos
  82 orcs
  5 giant cockroaches
  2 goblins (D:2)
  7 hobgoblins
  7 jackals
  2 quokkas
  2 ball pythons
  A bat (D:3)
  5 frilled lizards
  A jackal zombie (D:7)
  18 kobolds
  A leopard gecko skeleton (D:6)
  7 rats
  A spectral orc (D:7)
  A butterfly (Lair:1)
481 creatures vanquished.

Vanquished Creatures (others)
  A manticore (D:12)
  A fire elemental (D:12)
  2 hell hounds (D:12)
  An orc warrior (Orc:2)
  3 wights (D:12)
  A bullfrog skeleton (D:12)
  29 fungi
  62 plants
100 creatures vanquished.

Grand Total: 581 creatures vanquished

Notes
Turn   | Place    | Note
-------+----------+-------------------------------------------
     0 | D:1      | FacelessVoid the Demonspawn Gladiator began the quest for
                  | the Orb.
     0 | D:1      | Reached XP level 1. HP: 16/16 MP: 1/1
    72 | D:1      | Reached skill level 3 in Axes
   241 | D:2      | Gained mutation: You regenerate a little health from kills.
                  | [demonic ancestry]
   241 | D:2      | Reached XP level 2. HP: 15/22 MP: 2/2
   451 | D:2      | Found a hide-covered altar of Uskayaw.
   609 | D:2      | Gained mutation: You have large cloven feet. [demonic
                  | ancestry]
   609 | D:2      | Reached XP level 3. HP: 16/28 MP: 3/3
   861 | D:2      | Found an iron altar of Okawaru.
  1328 | D:3      | Found a snail-covered altar of Cheibriados.
  1337 | D:3      | Reached skill level 4 in Axes
  1431 | D:3      | Reached XP level 4. HP: 23/34 MP: 4/4
  1979 | D:3      | Found a sparkling altar of Nemelex Xobeh.
  2048 | D:3      | Found an ornate altar of the Wu Jian Council.
  2052 | D:3      | Found a radiant altar of Vehumet.
  2231 | D:4      | Found a broken altar of Ashenzari.
  3202 | D:4      | Noticed an ogre
  3228 | D:5      | Entered Level 5 of the Dungeon
  3256 | D:4      | Reached XP level 5. HP: 28/41 MP: 5/5
  3392 | D:5      | Reached skill level 5 in Axes
  4068 | D:5      | Gained mutation: You are partially covered in icy blue
                  | scales. (AC +2) [demonic ancestry]
  4068 | D:5      | Reached XP level 6. HP: 20/47 MP: 6/6
  4318 | D:5      | Found a staircase to the Ecumenical Temple.
  4326 | Temple   | Entered the Ecumenical Temple
  4342 | Temple   | Became a worshipper of Qazlal Stormbringer
  5195 | D:6      | Noticed Pikel
  5336 | D:4      | Reached skill level 6 in Axes
  5837 | D:6      | Noticed Blork the orc
  5882 | D:5      | Gained mutation: You sometimes gain a little power by
                  | taking damage. [demonic ancestry]
  5882 | D:5      | Reached XP level 7. HP: 50/54 MP: 7/7
  6011 | D:6      | Noticed Menkaure
  6018 | D:6      | Killed Menkaure
  6019 | D:6      | Reached skill level 7 in Axes
  6543 | D:6      | Reached skill level 5 in Fighting
  6680 | D:6      | Reached skill level 8 in Axes
  6680 | D:6      | Gained mutation: You sometimes gain power by taking damage.
                  | [demonic ancestry]
  6680 | D:6      | Reached XP level 8. HP: 57/62 MP: 8/8
  6846 | D:5      | Killed Pikel
  7196 | D:6      | Reached skill level 9 in Axes
  7241 | D:6      | Reached * piety under Qazlal
  7349 | D:6      | Killed Blork the orc
  7738 | D:7      | Gained mutation: You have hoof-like feet. [demonic
                  | ancestry]
  7738 | D:7      | Reached XP level 9. HP: 71/71 MP: 9/9
  8070 | D:7      | Noticed Harold
  8084 | D:7      | Killed Harold
  8085 | D:7      | Reached skill level 10 in Axes
  8632 | D:7      | Reached skill level 1 in Armour
  8632 | D:7      | Reached skill level 1 in Evocations
  8698 | D:7      | Found a basalt altar of Yredelemnul.
  8815 | D:7      | Found a shimmering altar of Xom.
  8988 | D:7      | Noticed Joseph
  9029 | D:7      | Killed Joseph
  9274 | D:8      | Reached XP level 10. HP: 79/79 MP: 10/10
  9276 | D:8      | Noticed Maggie
  9584 | D:8      | Killed Maggie
  9585 | D:8      | Reached skill level 5 in Armour
  9664 | D:8      | Found a staircase to the Lair.
 10182 | D:9      | Noticed Erica
 10276 | D:9      | Reached ** piety under Qazlal
 10286 | D:9      | Noticed Maurice
 10348 | Lair:1   | Entered Level 1 of the Lair of Beasts
 10435 | Lair:1   | Noticed a cane toad
 10462 | Lair:1   | Killed a cane toad
 10878 | Lair:1   | Found a gate leading to a gauntlet.
 10887 | Gauntlet | Entered a Gauntlet
 10887 | Gauntlet | Found a transporter.
 10887 | Gauntlet | Found a transporter.
 10897 | Gauntlet | Found a transporter.
 10932 | Gauntlet | Found a transporter.
 10934 | Gauntlet | Found a transporter.
 10939 | Gauntlet | Noticed a death scarab
 10945 | Gauntlet | Noticed a spectral eight-headed hydra
 10950 | Gauntlet | Found a transporter.
 10953 | Gauntlet | Noticed a death scarab
 10965 | Gauntlet | Found a transporter.
 10971 | Gauntlet | Found a transporter.
 10979 | Gauntlet | Found a transporter.
 10982 | Gauntlet | Noticed a queen ant
 10997 | Gauntlet | Found a transporter.
 11001 | Gauntlet | Noticed an oklob plant
 11002 | Gauntlet | Found a transporter.
 11053 | Gauntlet | Found a transporter.
 11868 | Lair:1   | Reached skill level 11 in Axes
 11885 | Lair:1   | Noticed a cane toad
 11899 | Lair:1   | Killed a cane toad
 11998 | D:8      | Gained mutation: You are mostly covered in icy blue scales.
                  | (AC +3) [demonic ancestry]
 11998 | D:8      | Reached XP level 11. HP: 50/87 MP: 11/11
 13144 | Lair:2   | Reached skill level 12 in Axes
 13325 | Lair:2   | Noticed a thrashing horror
 13328 | Lair:2   | Noticed Vamireybik's ghost (journeyman MiFi)
 13330 | Lair:2   | Found a one-way gate to the infinite horrors of the Abyss.
 13338 | Lair:2   | Noticed an eight-headed hydra
 13344 | Lair:2   | Noticed a thrashing horror
 13344 | Lair:2   | Noticed a green ugly thing
 13345 | Lair:2   | Noticed a sixfirhy
 13598 | Lair:2   | Found a transporter.
 13779 | Lair:2   | Identified the cursed +1 trident of Magnificence {distort,
                  | rF+}
 13779 | Lair:2   | Noticed a spriggan rider
 13804 | Lair:2   | Found a transporter.
 13971 | Lair:2   | Found a hole to the Spider Nest.
 14533 | Lair:3   | Reached skill level 10 in Fighting
 14678 | Lair:3   | Reached *** piety under Qazlal
 14790 | Lair:3   | Reached skill level 13 in Axes
 14897 | Lair:3   | Noticed a five-headed hydra
 15138 | Lair:4   | Noticed a six-headed hydra
 15255 | Lair:4   | Gained mutation: You are powered by pain. [demonic
                  | ancestry]
 15255 | Lair:4   | Reached XP level 12. HP: 95/97 MP: 12/12
 15403 | Lair:4   | Noticed a death yak
 15406 | Lair:4   | Noticed a death yak
 15638 | Lair:4   | Noticed a death yak
 15639 | Lair:4   | Noticed a death yak
 15639 | Lair:4   | Noticed a death yak
 15829 | D:9      | Killed Erica
 15872 | D:9      | Killed Maurice
 16069 | D:9      | Noticed Psyche
 16079 | D:9      | Killed Psyche
 16445 | D:9      | Reached skill level 14 in Axes
 16448 | D:9      | Reached **** piety under Qazlal
 16456 | D:9      | Noticed Prince Ribbit
 16483 | D:9      | Killed Prince Ribbit
 16876 | D:9      | Found a white marble altar of Elyvilon.
 16987 | D:10     | Entered Level 10 of the Dungeon
 17179 | D:10     | Reached ***** piety under Qazlal
 17188 | D:10     | Found a staircase to the Orcish Mines.
 17650 | D:10     | Found a bloodstained altar of Trog.
 17818 | D:10     | Found the +2 shield of Resistance {rF++ rC++ MR++}
 18164 | D:11     | Found a portal to a secret trove of treasure.
 18210 | D:11     | Reached skill level 15 in Axes
 18836 | D:12     | Noticed Jorgrun
 18836 | D:12     | Noticed a two-headed ogre
 18949 | Orc:1    | Entered Level 1 of the Orcish Mines
 19058 | D:10     | Gained mutation: You are completely covered in icy blue
                  | scales. (AC +4, rC+) [demonic ancestry]
 19058 | D:10     | Reached XP level 13. HP: 91/106 MP: 13/13
 19196 | Orc:1    | Found Uqofrymo's Distillery.
 19207 | Orc:1    | Bought a potion of flight for 33 gold pieces
 19207 | Orc:1    | Bought a potion of mutation for 88 gold pieces
 19207 | Orc:1    | Bought a potion of lignification for 33 gold pieces
 19207 | Orc:1    | Bought a potion of curing for 33 gold pieces
 19207 | Orc:1    | Bought a potion of degeneration for 11 gold pieces
 19207 | Orc:1    | Bought a potion of brilliance for 44 gold pieces
 19207 | Orc:1    | Bought a potion of invisibility for 88 gold pieces
 19460 | Orc:2    | Entered Level 2 of the Orcish Mines
 19501 | Orc:1    | Paralysed by an orc sorcerer for 4 turns
 19618 | Orc:2    | Noticed an orc warlord
 20512 | Orc:2    | Reached skill level 16 in Axes
 20512 | Orc:2    | Reached ****** piety under Qazlal
 21503 | Orc:2    | Found Yluarghu's Assorted Antiques.
 21503 | Orc:2    | Found Arryibe's Gadget Shop.
 21505 | Orc:2    | Found Huggixka's Antique Armour Boutique.
 21507 | Orc:2    | Found Lagar's General Store.
 21647 | Orc:2    | Found a staircase to the Elven Halls.
 21722 | Orc:2    | Found Wiguli's Weapon Emporium.
 22026 | D:12     | Noticed Azrael
 22055 | D:12     | Noticed Josephine
 22088 | D:12     | HP: 5/106 [Jorgrun/+0 vorpal quarterstaff (8)]
 22097 | D:12     | Reached skill level 17 in Axes
 22099 | D:12     | Killed from afar by Azrael

Illustrated notes

Levels and vault maps discovered:
D:1:      tarquinn_simple_flora_water_f, layout_basic, minmay_distorted
D:2:      layout_loops_ring, gammafunk_temple_overflow_pools
D:3:      layout_loops_corners, kennysheep_slug_shrine, minitemple,
          corner_web_ring, nemelex_spade_bored_becter
D:4:      layout_loops_ring, chequers_mini_garden, nicolae_ashenzari_panopticon
D:5:      layout_gridville, minmay_temple_entry_crystal_x, grunt_ministairs_13,
          st_stairs_10, minivault_5, minmay_between
D:6:      layout_loops_corners, nicolae_ossuary_entry_plus, uniq_blork_the_orc,
          uniq_pikel, uniq_menkaure
D:7:      layout_loops_ring, yredelemnul_forgotten_temple_becter,
          brannock_xom_greatest_gift, minivault_27, uniq_joseph, uniq_harold
D:8:      layout_gridville, lair_entry_dummy, uniq_maggie
D:9:      layout_loops_ring, general_overflow_altar, st_stairs_10,
          minmay_misc_feat_roman, uniq_prince_ribbit1, uniq_psyche,
          uniq_maurice, uniq_erica
D:10:     layout_roguey, hiddenorc2_lemuel, basic_altar, kennysheep_just_a_vault
D:11:     layout_small_grid, nicolae_trove_entry_crossroad,
          hangedman_weighted_door, nrook_mini_vaults
D:12:     layout_cave_pools, uniq_azrael, uniq_josephine, uniq_jorgrun
Temple:   eino_temple_water
Lair:1:   layout_concentric_octagons, gauntlet_entry_generic, minivault_19,
          serial_bayou_pond_a, cheibrodos_lair_lostbears, grunt_megastairs_5,
          lemuel_fruit_fields
Lair:2:   layout_loops_ring, spider_nest_entry_rubble,
          gammafunk_ghost_abyssal_escape, nicolae_quartered_pool_little,
          serial_bayou_shore_b, infiniplex_staircase_pool_2
Lair:3:   layout_gridlike, pond, infiniplex_staircase_pool
Lair:4:   layout_regular_city, palyth_hydra_swamp_entry, enter_volcano_2,
          columned_hall_lemuel, serial_bayou_shore_a, lemuel_fruit_tree
Lair:5:   layout_cellular_growth, special_room [special_room_mythical_zoo]
Orc:1:    layout_caves, serial_shops, shop_fountains
Orc:2:    st_orc_rangers, layout_caves, serial_shops,
          nicolae_shop_window_shopping, elves_outpost_lemuel

Skill      XL: |  1  2  3  4  5  6  7  8  9 10 11 12 13 |
---------------+----------------------------------------+-----
Axes           | 3 4 5 6 8 9 10 11 13 15 17 | 17.0
Fighting       | 3 4 5 6 7 8 10 11 | 11.0
Armour         | 4 8 |  8.2
Evocations     | 1 |  1.1
Throwing       | |  1.7
Dodging        | |  2.6
Shields        | |  0.4

Action                   |  1- 3 |  4- 6 |  7- 9 | 10-12 | 13-15 || total
-------------------------+-------+-------+-------+-------+-------++-------
Melee: War axe           |   110 |   253 |   257 |       |       ||   620
       Hand axe          |       |       |    89 |   734 |       ||   823
       Battleaxe         |       |       |       |   325 |   280 ||   605
Throw: Throwing net      |       |     3 |       |       |       ||     3
Evoke: Wand              |       |       |     4 |     8 |       ||    12
  Use: Scroll            |       |     5 |     4 |     7 |     6 ||    22
       Potion            |       |       |       |       |     6 ||     6
 Stab: Held in net/web   |       |     1 |       |       |       ||     1
Armor: Leather armour    |    25 |       |       |       |       ||    25
       Chain mail        |     9 |   177 |   142 |       |       ||   328
       Plate armour      |       |       |    37 |   405 |   252 ||   694
Dodge: Dodged            |    59 |   122 |    90 |   220 |   129 ||   620
       Repelled          |       |       |       |     2 |     2 ||     4
Block: Other             |       |       |    33 |   316 |   267 ||   616
       Reflection        |       |       |       |    13 |    47 ||    60

Table legend: (Time is in decaauts)
 A = Elapsed time spent in this place.
 B = Non-inter-level travel time spent in this place.
 C = Inter-level travel time spent in this place.
 D = Time resting spent in this place.
 E = Time spent auto-exploring this place.
 F = Levels seen in this place.
 G = Mean time per level.
                   A        B        C        D        E       F      G
               +--------+--------+--------+--------+--------+-----+--------+
         Total |  22003 |  20566 |   1437 |   6977 |   8294 |  21 | 1047.8 |
       Dungeon |  14659 |  13592 |   1067 |   4471 |   6037 |  12 | 1221.6 |
        Temple |    197 |    197 |      0 |      0 |    172 |   1 |  197.0 |
          Lair |   4051 |   3733 |    318 |    824 |   1741 |   5 |  810.2 |
  Orcish Mines |   2882 |   2832 |     50 |   1682 |    343 |   2 | 1441.0 |
      Gauntlet |    211 |    211 |      0 |      0 |      0 |   1 |  211.0 |
               +--------+--------+--------+--------+--------+-----+--------+

Top non-repeatable levels by time:
     D:6: 2404 daAuts
   Orc:1: 2304 daAuts
     D:4: 1926 daAuts
     D:8: 1714 daAuts
     D:7: 1605 daAuts
     D:5: 1368 daAuts
  Lair:1: 1322 daAuts
  Lair:2: 1249 daAuts
  Lair:3: 1230 daAuts
    D:10: 1166 daAuts
     D:9: 1154 daAuts
    D:11: 977 daAuts
     D:3: 948 daAuts
     D:2: 940 daAuts
   Orc:2: 578 daAuts
